[Event "Titled Tuesday Blitz April 25 Early 2023"]
[White "Manukyan, Sargis A."]
[Black "Bochnicka, Vladimir"]
[WhiteFideId "13303970"]
[BlackFideId "14943450"]
[WhiteElo "2187"]
[BlackElo "2094"]
[Result "1-0"]
[Round "10"]
[TimeControl "180+2"]
[Date "2023.04.25"]
[WhiteClock "0:01:31"]
[BlackClock "0:00:20"]

1. d4 Nf6 2. c4 c5 3. d5 b5 4. cxb5 a6 5. bxa6 g6 6. Nc3 Bg7 7. Nf3 Bxa6 8. g3 O-O 9. Bg2 d6 10. O-O Nbd7 11. Rb1 Bb7 12. Nh4 Qa5 13. Qc2 Rfb8 14. Bd2 Qa6 15. b3 Nb6 16. e4 c4 17. b4 Nfd7 18. Rfc1 Ne5 19. Bf1 Nd3 20. Rd1 Nd7 21. a4 Bd4 22. Be3 Bxe3 23. fxe3 N7e5 24. a5 Bc8 25. Ne2 Bg4 26. Qc3 g5 27. Nf5 Qa7 28. Ned4 Bxd1 29. Rxd1 Rxb4 30. Bxd3 Nxd3 31. Nc6 Qb7 32. Qg7# 1-0


[Site "https://www.chess.com"]

[Event "Titled Tuesday Blitz April 25 Early 2023"]
[White "Kukhmazov, Arsen"]
[Black "Staudenhocker43"]
[WhiteFideId "24108260"]
[WhiteElo "2396"]
[BlackElo "2495"]
[Result "1-0"]
[Round "10"]
[TimeControl "180+2"]
[Date "2023.04.25"]
[WhiteClock "0:00:52"]
[BlackClock "0:00:02"]

1. d4 Nf6 2. c4 e6 3. Nf3 d5 4. e3 Nbd7 5. b3 b6 6. Bb2 Bb7 7. Bd3 c5 8. O-O Bd6 9. Nc3 O-O 10. Qe2 dxc4 11. bxc4 Rc8 12. Rfd1 Qe7 13. d5 exd5 14. cxd5 Ne5 15. Bf5 Rcd8 16. e4 g6 17. Bh3 Rfe8 18. Re1 Nh5 19. g3 a6 20. a4 Nf6 21. Rad1 Nfd7 22. Nd2 h5 23. f4 Ng4 24. Bxg4 hxg4 25. Qxg4 c4 26. Nxc4 Bc5+ 27. Kg2 Nf6 28. Qf3 b5 29. axb5 axb5 30. Ne5 b4 31. Na4 Bd6 32. Nb6 Bc5 33. Nbc4 Nxe4 34. Qxe4 Rxd5 35. Rxd5 Qe6 36. Red1 Kh7 37. f5 gxf5 38. Qh4+ Kg8 39. Qg5+ Kh7 40. Qh5+ Kg8 41. Qg5+ Kh7 42. Nf3 f6 43. Bxf6 Qe2+ 44. Kh3 Bf8 45. Qxf5+ Kh6 46. Qh5# 1-0


[Site "https://www.chess.com"]

[Event "Titled Tuesday Blitz April 25 Early 2023"]
[White "Vakhlamov, Igor L."]
[Black "Pauly, Carlo"]
[WhiteFideId "24126748"]
[BlackFideId "24673269"]
[WhiteElo "2400"]
[BlackElo "2254"]
[Result "1-0"]
[Round "10"]
[TimeControl "180+2"]
[Date "2023.04.25"]
[WhiteClock "0:00:12"]
[BlackClock "0:00:41"]

1. e4 c5 2. Nf3 d6 3. Nc3 Nf6 4. d4 cxd4 5. Qxd4 e5 6. Bb5+ Nbd7 7. Qd3 h6 8. Be3 a6 9. Bc4 Be7 10. a4 O-O 11. O-O Qc7 12. h3 Nc5 13. Bxc5 Qxc5 14. Nd5 Nxd5 15. Bxd5 Rb8 16. c3 b5 17. b4 Qb6 18. axb5 axb5 19. Ra5 Kh8 20. Rfa1 f5 21. Ra7 fxe4 22. Bxe4 Bh4 23. Qe3 Qxe3 24. fxe3 Bd8 25. Ra8 Bc7 26. Rxb8 Bxb8 27. Bc6 g5 28. Bxb5 d5 29. Bc6 Be6 30. Ra8 Kg7 31. b5 Bd6 32. Rxf8 Kxf8 33. Kf2 Ke7 34. e4 Bc5+ 35. Ke2 Kd6 36. exd5 Bxd5 37. Bxd5 Kxd5 38. Nd2 e4 39. c4+ Ke5 40. Nb3 Bg1 41. c5 Kd5 42. b6 Kc6 43. Na5+ Kd7 44. c6+ Kc8 45. b7+ Kc7 46. Nc4 Ba7 47. Ne5 Kd6 48. Nd7 Kc7 49. b8=Q+ Bxb8 50. Nxb8 Kxb8 51. Ke3 Kc7 52. Kxe4 Kxc6 53. Kf5 Kd5 54. Kg6 Ke5 55. Kxh6 Kf5 56. g4+ Kf4 57. Kh5 Kg3 58. Kxg5 1-0


[Site "https://www.chess.com"]

[Event "Titled Tuesday Blitz April 25 Early 2023"]
[White "Liu, Xiangyi"]
[Black "Lehtosaari, Mauri"]
[WhiteFideId "8605718"]
[BlackFideId "501999"]
[WhiteElo "2323"]
[BlackElo "2534"]
[Result "1-0"]
[Round "10"]
[TimeControl "180+2"]
[Date "2023.04.25"]
[WhiteClock "0:00:09"]
[BlackClock "0:00:18"]

1. Nf3 d5 2. g3 Nf6 3. Bg2 c6 4. O-O Bg4 5. h3 Bxf3 6. Bxf3 e6 7. d3 Bc5 8. Bg2 a5 9. d4 Bd6 10. a4 Nbd7 11. Nd2 O-O 12. c3 e5 13. dxe5 Nxe5 14. e4 dxe4 15. Nxe4 Nxe4 16. Bxe4 Re8 17. Qc2 h6 18. Kg2 Qf6 19. f4 Nc4 20. b3 Nb6 21. Bb2 Nd5 22. Rae1 Qd8 23. Qf2 Nf6 24. Bb1 Bc7 25. c4 Bb6 26. Qc2 Rxe1 27. Bxf6 1-0


[Site "https://www.chess.com"]

[Event "Titled Tuesday Blitz April 25 Early 2023"]
[White "Ashraf, Artin"]
[Black "Herman, Daniel"]
[WhiteFideId "22514805"]
[BlackFideId "30935008"]
[WhiteElo "2188"]
[BlackElo "1897"]
[Result "1-0"]
[Round "10"]
[TimeControl "180+2"]
[Date "2023.04.25"]
[WhiteClock "0:00:04"]
[BlackClock "0:00:01"]

1. e4 e5 2. Nf3 Nc6 3. Bb5 a6 4. Ba4 Nf6 5. d3 b5 6. Bb3 Be7 7. O-O O-O 8. c3 d5 9. Nbd2 dxe4 10. dxe4 Bb7 11. Qe2 Bc5 12. h3 Qe7 13. Re1 g6 14. Nf1 Nh5 15. Bg5 Qe8 16. N1h2 Nf4 17. Bxf4 exf4 18. Ng4 Kg7 19. e5 Nd8 20. Nf6 Qe7 21. Rad1 Bc6 22. Bd5 Rc8 23. Qe4 Bxd5 24. Rxd5 Bb6 25. Rd7 Qc5 26. Nd4 Qc4 27. Qxf4 Bxd4 28. Rxd4 Qxa2 29. Nh5+ Kg8 30. Nf6+ Kg7 31. Nd7 Ne6 32. Qf6+ Kh6 33. Nxf8 Nxd4 34. cxd4 Rxf8 35. e6 Qd5 36. e7 Re8 37. Re5 Qd6 38. Qxf7 Qd7 39. h4 1-0


[Site "https://www.chess.com"]

[Event "Titled Tuesday Blitz April 25 Early 2023"]
[White "Rodchenkov, Sergey D."]
[Black "Postny, Evgeny"]
[WhiteFideId "4168712"]
[BlackFideId "2804344"]
[WhiteElo "2277"]
[BlackElo "2504"]
[Result "0-1"]
[Round "10"]
[TimeControl "180+2"]
[Date "2023.04.25"]
[WhiteClock "0:00:05"]
[BlackClock "0:00:07"]

1. e4 c5 2. Nf3 e6 3. d4 cxd4 4. Nxd4 a6 5. Nc3 Ne7 6. h4 Nec6 7. Nf3 b5 8. a3 Bb7 9. h5 h6 10. Bf4 d6 11. Qd2 Be7 12. O-O-O e5 13. Be3 Nd7 14. Nd5 O-O 15. Bxh6 Nc5 16. Nxe7+ Qxe7 17. Bg5 f6 18. Be3 Rfd8 19. h6 g6 20. Nh4 Qf7 21. f3 Kh7 22. Kb1 Rac8 23. Rh3 Na4 24. Rg3 Ne7 25. Bd3 Nc5 26. Nf5 Rc7 27. Nxe7 Rxe7 28. Rh3 Rc7 29. g4 d5 30. exd5 Rxd5 31. Qe2 Nxd3 32. cxd3 b4 33. axb4 Rb5 34. Rhh1 Qb3 35. Rc1 Rd7 36. Rc3 Qxb4 37. Rhc1 Bd5 38. Rc7 Rb7 39. Rxd7+ Rxd7 40. Qd2 Qb3 41. Qc3 Qa2+ 42. Kc2 Bxf3 43. Kd2 Bxg4 44. Ke1 Qd5 45. Qc6 Qxc6 46. Rxc6 f5 47. Bg5 f4 48. Kd2 Bf5 49. Kc3 Rxd3+ 50. Kc4 Rd7 51. Rc8 f3 52. Bf6 Rd4+ 53. Kc5 Bxc8 54. Bxe5 Rd1 55. Bc3 Rc1 56. Kd4 f2 57. Be1 f1=Q 58. Bf2 Qxf2+ 0-1


[Site "https://www.chess.com"]

[Event "Titled Tuesday Blitz April 25 Early 2023"]
[White "Kubicka, Anna"]
[Black "Wagner, Dennis"]
[WhiteFideId "1152254"]
[BlackFideId "24650684"]
[WhiteElo "2144"]
[BlackElo "2470"]
[Result "0-1"]
[Round "10"]
[TimeControl "180+2"]
[Date "2023.04.25"]
[WhiteClock "0:00:01"]
[BlackClock "0:00:04"]

1. e4 c5 2. Ne2 g6 3. g3 Bg7 4. Bg2 Nf6 5. c3 d5 6. e5 Ne4 7. d4 cxd4 8. cxd4 Nc6 9. Nbc3 Nxc3 10. Nxc3 Be6 11. O-O Qd7 12. Be3 O-O 13. Qd2 f6 14. f4 Rac8 15. Rac1 Kh8 16. b3 Rfd8 17. Na4 b6 18. Nc3 Bh3 19. Bxh3 Qxh3 20. Qg2 Qxg2+ 21. Kxg2 Nb4 22. a3 Nc6 23. b4 e6 24. Nb5 Ne7 25. Nd6 Rxc1 26. Rxc1 Rd7 27. Ne8 fxe5 28. fxe5 Nf5 29. Bf2 h5 30. Rc8 Kh7 31. Rc7 Rd8 32. Nxg7 Nxg7 33. Rxa7 Rc8 34. Rb7 Rc3 35. a4 Ra3 36. Rxb6 Rxa4 37. Rb7 g5 38. g4 hxg4 39. Kg3 Ra2 40. Be3 Ra3 41. Kf2 Kg6 42. Re7 Rb3 43. Bd2 Rb2 44. Ke1 Nh5 45. Rxe6+ Kf5 46. Rh6 Nf4 47. Rf6+ Ke4 48. Bxf4 gxf4 49. e6 Ke3 50. Kd1 f3 51. e7 Kd3 52. Kc1 Re2 53. Rf7 Kxd4 54. b5 Kc5 55. h3 gxh3 56. Rxf3 h2 57. Rh3 Kxb5 58. Rxh2 Rxe7 59. Kd2 Kc4 60. Rh8 Ra7 61. Rg8 Ra2+ 62. Kd1 Kc3 63. Rg3+ Kc4 64. Rg8 d4 65. Rg7 Kc3 66. Rc7+ Kd3 67. Ke1 Ra1+ 68. Kf2 Rd1 69. Ra7 Kc2 70. Ra2+ Kb3 71. Re2 d3 0-1


[Site "https://www.chess.com"]

[Event "Titled Tuesday Blitz April 25 Early 2023"]
[White "Karthik Rajaa"]
[Black "Postnikov, Daniil"]
[WhiteFideId "25035215"]
[BlackFideId "4166329"]
[WhiteElo "2215"]
[BlackElo "2261"]
[Result "1/2-1/2"]
[Round "10"]
[TimeControl "180+2"]
[Date "2023.04.25"]
[WhiteClock "0:00:11"]
[BlackClock "0:00:21"]

1. e4 e6 2. Nf3 d5 3. exd5 exd5 4. d4 Bd6 5. c4 Nf6 6. c5 Be7 7. Nc3 O-O 8. Be2 b6 9. cxb6 axb6 10. O-O Nbd7 11. Ne5 Bb7 12. Bf3 Re8 13. Re1 c5 14. Be3 Nf8 15. Qb3 c4 16. Qd1 Rb8 17. Qa4 Ra8 18. Nc6 Qd6 19. Nxe7+ Rxe7 20. Qc2 Ng6 21. b3 Rc8 22. Qd2 h6 23. g3 Qb4 24. Rec1 Rce8 25. bxc4 dxc4 26. Bxb7 Rxb7 27. Rab1 Qa3 28. Nb5 Qe7 29. Rxc4 Qd7 30. Qb4 Nd5 31. Qd6 Nxe3 32. fxe3 Rxe3 33. Qxd7 Rxd7 34. Rc8+ Kh7 35. Rc7 Rxc7 36. Nxc7 Rd3 37. d5 Ne5 38. Rxb6 Rd1+ 39. Kf2 Rd2+ 40. Ke1 Nf3+ 41. Kf1 Nxh2+ 42. Kg1 Nf3+ 43. Kf1 Nh2+ 44. Kg1 Nf3+ 45. Kf1 Nh2+ 1/2-1/2


[Site "https://www.chess.com"]

[Event "Titled Tuesday Blitz April 25 Early 2023"]
[White "Skvortsov, Andrei"]
[Black "Escanor89"]
[WhiteFideId "24108600"]
[WhiteElo "2259"]
[BlackElo "2511"]
[Result "1-0"]
[Round "10"]
[TimeControl "180+2"]
[Date "2023.04.25"]
[WhiteClock "0:00:54"]
[BlackClock "0:00:02"]

1. e4 c5 2. Nf3 d6 3. d4 cxd4 4. Nxd4 Nf6 5. Nc3 Nc6 6. Bg5 Bd7 7. Qd3 Rc8 8. O-O-O Nxd4 9. Qxd4 Qa5 10. f4 Rxc3 11. Qxc3 Qxc3 12. bxc3 Nxe4 13. Re1 Nxc3 14. Kd2 Na4 15. Bh4 Bc6 16. Bf2 a6 17. Rg1 h5 18. Bd4 Rh6 19. h4 e6 20. Bd3 Nc5 21. Bxc5 dxc5 22. Be4 Kd7 23. Bxc6+ Kxc6 24. g3 Bd6 25. Re3 Rh8 26. Ke2 c4 27. Rd1 b5 28. Re4 Bc5 29. Kf3 g6 30. Re2 Bb4 31. Re4 Bc3 32. Re3 Bf6 33. Re2 Bc3 34. Re3 Bf6 35. Ra3 Ra8 36. Re3 Rc8 37. Re2 Bc3 38. Ke4 Kc5 39. Rd7 1-0


[Site "https://www.chess.com"]

[Event "Titled Tuesday Blitz April 25 Early 2023"]
[White "Seo, Jung Min"]
[Black "Garv Gaur"]
[WhiteFideId "1734687"]
[BlackFideId "45030839"]
[WhiteElo "2468"]
[BlackElo "2068"]
[Result "1-0"]
[Round "10"]
[TimeControl "180+2"]
[Date "2023.04.25"]
[WhiteClock "0:01:27"]
[BlackClock "0:00:24"]

1. Nf3 Nf6 2. c3 c5 3. d4 d5 4. dxc5 a5 5. Be3 e6 6. Bd4 Na6 7. e3 Nxc5 8. c4 Nce4 9. a3 Bd6 10. cxd5 exd5 11. Bb5+ Bd7 12. Bxd7+ Qxd7 13. O-O O-O 14. Nc3 Qf5 15. Nxe4 dxe4 16. Nd2 Rfd8 17. Qe2 Rac8 18. Rac1 Bb8 19. g3 Ng4 20. Nc4 Qh5 21. h4 g5 22. Nb6 Rxc1 23. Rxc1 gxh4 24. Rc5 Qg6 25. Nd5 Bd6 26. Qxg4 Qxg4 27. Nf6+ Kf8 28. Nxg4 Bxc5 29. Bxc5+ Kg7 30. gxh4 Rd1+ 31. Kg2 h5 32. Ne5 Rd5 33. Bd4 f6 34. Nc4 Kf7 35. a4 Ke6 36. Bc3 Kf5 37. Kh3 b5 38. axb5 Rxb5 39. Nd6+ 1-0


[Site "https://www.chess.com"]

[Event "Titled Tuesday Blitz April 25 Early 2023"]
[White "Begunov, Konstantin"]
[Black "Souleidis, Georgios"]
[WhiteFideId "4118510"]
[BlackFideId "4206827"]
[WhiteElo "2087"]
[BlackElo "2401"]
[Result "0-1"]
[Round "10"]
[TimeControl "180+2"]
[Date "2023.04.25"]
[WhiteClock "0:00:01"]
[BlackClock "0:00:31"]

1. d4 Nf6 2. c4 g6 3. f3 Bg7 4. e4 d6 5. Nc3 O-O 6. Be3 a6 7. Qd2 c6 8. Bd3 b5 9. b3 Bb7 10. Nge2 Nbd7 11. O-O e5 12. d5 cxd5 13. cxd5 Ne8 14. b4 Nb6 15. a4 bxa4 16. Nxa4 Nxa4 17. Rxa4 f5 18. Rfa1 fxe4 19. fxe4 Nc7 20. Bb6 Qe7 21. Bxc7 Qxc7 22. Qe3 Qf7 23. Ng3 h5 24. Rf1 Qc7 25. Qg5 Kh7 26. Raa1 Bh6 27. Qh4 Bf4 28. Be2 Qd8 0-1


[Site "https://www.chess.com"]

[Event "Titled Tuesday Blitz April 25 Early 2023"]
[White "Girya, Olga"]
[Black "Shaik Sumer Arsh"]
[WhiteFideId "4195752"]
[BlackFideId "45020000"]
[WhiteElo "2263"]
[BlackElo "2350"]
[Result "1/2-1/2"]
[Round "10"]
[TimeControl "180+2"]
[Date "2023.04.25"]
[WhiteClock "0:00:05"]
[BlackClock "0:00:19"]

1. d4 Nf6 2. Nf3 d5 3. c4 e6 4. Nc3 Bb4 5. Qb3 c5 6. dxc5 Na6 7. a3 Qa5 8. Bd2 Bxc3 9. Bxc3 Nxc5 10. Qc2 Qa4 11. Qxa4+ Nxa4 12. Bxf6 gxf6 13. b3 Nc5 14. cxd5 Nxb3 15. Rb1 Nc5 16. dxe6 fxe6 17. e3 b6 18. Bb5+ Ke7 19. Ke2 Bb7 20. Rhc1 Rhg8 21. g3 Rad8 22. Nd4 h5 23. Bc6 Ba6+ 24. Bb5 Bb7 25. h4 Be4 26. Rb2 e5 27. Nb3 Bd3+ 28. Ke1 Nxb3 29. Rxb3 Bxb5 30. Rxb5 Rd7 31. a4 Rg4 32. a5 bxa5 33. Rxa5 Rb4 34. Rca1 Rbb7 35. Ra6 Kf7 36. R1a2 Kg6 37. Ke2 Kf5 38. Kf3 Rbc7 39. R6a5 Kg6 40. Ra6 Re7 41. Kg2 Kf5 42. Rd6 Red7 43. Rda6 Rf7 44. Kh3 Ke4 45. Kg2 Kd5 46. R2a5+ Kc4 47. Re6 Kb4 48. Raa6 Rb7 49. Rxf6 Rxf6 50. Rxf6 a5 51. Rf5 a4 52. Rxe5 a3 53. Re8 Ra7 54. Rb8+ Kc3 55. Rb1 a2 56. Ra1 Kb2 57. Re1 a1=Q 58. Rxa1 Kxa1 59. g4 Kb2 60. gxh5 Rh7 61. Kg3 Rxh5 62. Kg4 Rh8 63. Kg5 Kc3 64. h5 Kd3 65. Kg6 Rf8 66. h6 Rxf2 67. h7 Rh2 68. Kg7 Kxe3 69. h8=Q Rxh8 70. Kxh8 1/2-1/2


[Site "https://www.chess.com"]

[Event "Titled Tuesday Blitz April 25 Early 2023"]
[White "Kvaloy, Aksel Bu"]
[Black "Garcia Almaguer, Juan Manuel"]
[WhiteFideId "1528815"]
[BlackFideId "5110491"]
[WhiteElo "2208"]
[BlackElo "2117"]
[Result "1-0"]
[Round "10"]
[TimeControl "180+2"]
[Date "2023.04.25"]
[WhiteClock "0:00:10"]
[BlackClock "0:00:06"]

1. e4 e5 2. Nf3 Nc6 3. Nc3 Nf6 4. d4 exd4 5. Nxd4 Bc5 6. Be3 Bxd4 7. Bxd4 O-O 8. Be3 Re8 9. Bd3 d6 10. Qd2 Ng4 11. O-O-O Nxe3 12. Qxe3 Be6 13. Kb1 f6 14. f4 Qd7 15. h3 Bf7 16. g4 d5 17. Qf3 d4 18. Ne2 Nb4 19. a3 Nxd3 20. cxd3 c5 21. h4 Qe6 22. Nc1 b5 23. f5 Qe5 24. g5 a5 25. Rhg1 Ra6 26. h5 fxg5 27. Rxg5 h6 28. Rg2 Re7 29. Rdg1 Be8 30. Ne2 a4 31. Nf4 c4 32. Nd5 Rf7 33. f6 Raa7 34. Rxg7+ Rxg7 35. fxg7 Rxg7 36. Nf6+ Kh8 37. Ng4 Qe7 38. Qf4 Qg5 39. Qb8 Rg8 40. Qd6 Bxh5 41. Rh1 Rg7 42. Nxh6 cxd3 43. Nf5 d2 44. Qxd4 d1=Q+ 45. Qxd1 Kg8 46. Rxh5 Qg1 47. Qxg1 Rxg1+ 48. Kc2 Rg2+ 49. Kc3 Rg3+ 50. Nxg3 1-0


[Site "https://www.chess.com"]

[Event "Titled Tuesday Blitz April 25 Early 2023"]
[White "hakanazeri2"]
[Black "Manukian, Artak"]
[BlackFideId "13301373"]
[WhiteElo "2629"]
[BlackElo "2130"]
[Result "0-1"]
[Round "10"]
[TimeControl "180+2"]
[Date "2023.04.25"]
[WhiteClock "0:00:07"]
[BlackClock "0:01:04"]

1. d4 d5 2. c4 dxc4 3. Nf3 Nf6 4. e3 e6 5. Bxc4 c5 6. O-O a6 7. Nc3 b5 8. Bb3 Bb7 9. Bc2 Nc6 10. Re1 cxd4 11. exd4 Nb4 12. Bb3 Be7 13. Bg5 Rc8 14. Ne5 Nbd5 15. Bxf6 Bxf6 16. Qf3 O-O 17. Nxd5 Bxd5 18. Bxd5 Qxd5 19. Qxd5 exd5 20. Nd7 Rfe8 21. Nxf6+ gxf6 22. Rxe8+ Rxe8 23. Kf1 Rc8 24. a4 b4 25. b3 Rc3 26. Rb1 f5 27. Ke2 f4 28. g3 fxg3 29. hxg3 f5 30. Kd2 Kf7 31. Rb2 Kf6 32. Rc2 Rxc2+ 33. Kxc2 f4 34. Kd3 Kf5 0-1


[Site "https://www.chess.com"]

[Event "Titled Tuesday Blitz April 25 Early 2023"]
[White "Kozin, Yuri"]
[Black "Mrudul Dehankar"]
[WhiteFideId "4129920"]
[BlackFideId "25096990"]
[WhiteElo "2614"]
[BlackElo "2139"]
[Result "0-1"]
[Round "10"]
[TimeControl "180+2"]
[Date "2023.04.25"]
[WhiteClock "0:00:28"]
[BlackClock "0:00:16"]

1. e4 c6 2. d4 d5 3. exd5 cxd5 4. c4 Nf6 5. Nc3 Nc6 6. Bg5 Be6 7. Be2 h6 8. Bxf6 exf6 9. Bf3 Bb4 10. Ne2 Bxc3+ 11. Nxc3 Ne7 12. c5 O-O 13. O-O Nc6 14. b4 a6 15. Rb1 Qd7 16. a4 g5 17. g3 Kg7 18. b5 axb5 19. Nxb5 Na5 20. Nd6 Rfb8 21. Rb6 Ra6 22. Qb1 Rxb6 23. Qxb6 Qxa4 24. Bxd5 Bxd5 25. Nf5+ Kg6 26. Ne7+ Kg7 27. Nxd5 Qxd4 28. Nc7 Nc4 29. Ne6+ fxe6 30. Qc7+ Kg6 31. Qxb8 Qxc5 32. Qxb7 Ne5 33. Qe4+ f5 34. Qa8 Ng4 35. Qg8+ Kf6 36. Qd8+ Kg6 37. h3 Ne5 38. Qg8+ Kf6 39. Qh8+ Kg6 40. Qxe5 Qxe5 41. Kg2 Qd5+ 42. Kg1 f4 43. g4 Qd3 44. Re1 Kf6 45. Rc1 Qxh3 0-1


[Site "https://www.chess.com"]

[Event "Titled Tuesday Blitz April 25 Early 2023"]
[White "Jaskolka, Tomasz"]
[Black "Skliarov, Viktor"]
[WhiteFideId "1170791"]
[BlackFideId "14106736"]
[WhiteElo "2155"]
[BlackElo "2317"]
[Result "1-0"]
[Round "10"]
[TimeControl "180+2"]
[Date "2023.04.25"]
[WhiteClock "0:00:21"]
[BlackClock "0:00:05"]

1. d4 Nf6 2. Bf4 g6 3. Nc3 d5 4. e3 c6 5. Qd2 Bf5 6. Nf3 Nbd7 7. h3 Ne4 8. Nxe4 Bxe4 9. Ne5 Bg7 10. Nxd7 Qxd7 11. f3 Bf5 12. g4 Be6 13. h4 h5 14. g5 Bf5 15. Qh2 O-O-O 16. O-O-O Rhe8 17. Bg3 b5 18. Qd2 e5 19. Qc3 exd4 20. exd4 Kb7 21. Qa5 Re7 22. a4 a6 23. Bd3 Rde8 24. Bxf5 Qxf5 25. Rd3 Qc8 26. axb5 axb5 27. Ra3 Qa8 28. Qb4 Qd8 29. Bd6 Bf8 30. Qc5 Re1+ 31. Rxe1 Rxe1+ 32. Kd2 Bxd6 33. Qa7+ Kc8 34. Ra6 Bb4+ 35. c3 Qc7 36. Qa8+ Kd7 37. Ra7 Re7 38. Rxc7+ Kxc7 39. cxb4 Kd6 40. Qd8+ Rd7 41. Qf6+ Kc7 42. Kd3 Kb7 43. f4 Kc7 44. f5 gxf5 45. Qxf5 Kb7 46. Qxd7+ 1-0


[Site "https://www.chess.com"]

[Event "Titled Tuesday Blitz April 25 Early 2023"]
[White "Sliwicka, Alicja"]
[Black "Kubatko, Ivan"]
[WhiteFideId "1150677"]
[BlackFideId "24111473"]
[WhiteElo "2206"]
[BlackElo "2285"]
[Result "0-1"]
[Round "10"]
[TimeControl "180+2"]
[Date "2023.04.25"]
[WhiteClock "0:00:03"]
[BlackClock "0:00:10"]

1. e4 d5 2. exd5 Qxd5 3. d4 e5 4. dxe5 Qxd1+ 5. Kxd1 Nc6 6. Bf4 Bg4+ 7. f3 O-O-O+ 8. Kc1 Bf5 9. Bc4 f6 10. exf6 Nxf6 11. Ne2 Bc5 12. Nbc3 Rhe8 13. Rd1 Rxd1+ 14. Kxd1 h6 15. Ke1 Nd4 16. Kf1 g5 17. Bd2 Nxc2 18. Rc1 Ne3+ 19. Bxe3 Bxe3 20. Rd1 Bc2 21. Ra1 a6 22. Nd1 Bd2 23. Nf2 b5 24. Bd3 Bxd3 25. Nxd3 Nd5 26. g3 Be3 27. f4 gxf4 28. Ndxf4 Rf8 29. Kg2 Bxf4 30. gxf4 Nxf4+ 31. Nxf4 Rxf4 32. Kg3 Rb4 33. b3 a5 34. Re1 a4 35. Re3 axb3 36. axb3 c5 37. Rc3 c4 38. bxc4 Rxc4 39. Rb3 b4 40. Kf2 Kc7 41. Ke2 Kc6 42. Kd2 Rh4 43. h3 Kc5 44. Kc2 Rf4 45. Re3 Kc4 46. Rg3 Rf2+ 47. Kb1 Rh2 48. Rg4+ Kb3 49. Rg3+ Ka4 50. Rf3 b3 51. Rf8 Rxh3 52. Ra8+ Kb4 53. Rb8+ Kc4 54. Rc8+ Kd5 55. Rd8+ Ke6 56. Kb2 h5 57. Re8+ Kf5 58. Rf8+ Ke5 59. Re8+ Kf6 60. Rf8+ Kg5 61. Rg8+ Kh4 62. Rc8 Rf3 63. Rg8 Kh3 64. Rh8 h4 65. Rh7 Rg3 66. Rh8 Rg4 67. Kxb3 Kg2 68. Rc8 h3 69. Rc2+ Kg3 70. Rc3+ Kh4 0-1


[Site "https://www.chess.com"]

[Event "Titled Tuesday Blitz April 25 Early 2023"]
[White "Balla, Tamas-Kristof"]
[Black "Sahib Singh"]
[WhiteFideId "1208497"]
[BlackFideId "25618342"]
[WhiteElo "2334"]
[BlackElo "1934"]
[Result "0-1"]
[Round "10"]
[TimeControl "180+2"]
[Date "2023.04.25"]
[WhiteClock "0:00:13"]
[BlackClock "0:01:14"]

1. e4 c5 2. Nf3 d6 3. d4 cxd4 4. Qxd4 Nc6 5. Qe3 Nf6 6. h3 g6 7. Be2 Bg7 8. O-O O-O 9. Rd1 Qc7 10. c4 Nd7 11. Nc3 Nc5 12. Rb1 Ne6 13. b3 Nc5 14. Bb2 b6 15. Nd5 Qb7 16. Bxg7 Kxg7 17. Nh2 f6 18. Ng4 a5 19. Qh6+ Kg8 20. a3 Nxe4 21. Bf3 f5 22. Bxe4 fxe4 23. Re1 Bxg4 24. hxg4 e6 25. Nf4 Qf7 26. Rxe4 d5 27. Rxe6 Nd4 28. Rxg6+ hxg6 29. Nxg6 Qxf2+ 30. Kh1 Qf6 31. Qh5 Kg7 32. Nh4 Rh8 33. Nf5+ Nxf5 0-1


[Site "https://www.chess.com"]

[Event "Titled Tuesday Blitz April 25 Early 2023"]
[White "Vivas Zamora, Fabian Ernesto"]
[Black "Brunner, Nicolas"]
[WhiteFideId "3902480"]
[BlackFideId "620246"]
[WhiteElo "2262"]
[BlackElo "2327"]
[Result "1-0"]
[Round "10"]
[TimeControl "180+2"]
[Date "2023.04.25"]
[WhiteClock "0:00:04"]
[BlackClock "0:00:01"]

1. e4 e5 2. Nf3 Nc6 3. Bc4 Nf6 4. d3 Be7 5. O-O O-O 6. Re1 d6 7. a4 Na5 8. Ba2 c5 9. Bg5 Be6 10. Nc3 Nc6 11. Bxf6 Bxf6 12. Nd2 Nb4 13. Bc4 Bg5 14. Bxe6 fxe6 15. Nc4 Qe7 16. a5 Rf6 17. Re2 Raf8 18. Nb5 d5 19. exd5 exd5 20. Rxe5 Re6 21. Rxe6 Qxe6 22. Nd2 a6 23. Nc3 Re8 24. Nf3 Bf6 25. Qd2 Qd7 26. Re1 Rxe1+ 27. Nxe1 Nc6 28. Ne2 Qc7 29. Qe3 h6 30. Qe6+ Qf7 31. Qxf7+ Kxf7 32. Nf4 Bxb2 33. Nxd5 Nxa5 34. Kf1 Nc6 35. Ke2 a5 36. Kd2 a4 37. c3 b5 38. Kc2 a3 39. Kb3 c4+ 40. dxc4 Na5+ 41. Ka2 Nxc4 42. Nc2 Bc1 43. Nc7 Nd6 44. Nd4 Bb2 45. Ncxb5 Ne4 46. f3 Nxc3+ 47. Nxc3 Bxc3 48. Nb5 Bb2 49. Nxa3 Bxa3 50. Kxa3 Ke6 51. Kb3 Ke5 52. Kc3 Kf4 53. Kd2 g5 54. Ke2 g4 55. g3+ Kf5 56. Ke3 gxf3 57. Kxf3 h5 58. Ke3 Ke5 59. Kf3 Kf5 60. h3 Ke5 61. Ke3 Kf5 62. Kd4 h4 63. g4+ Kf4 64. Kd5 Kg3 65. g5 Kxh3 66. g6 Kh2 67. g7 h3 68. g8=Q Kh1 69. Ke4 h2 70. Qa2 Kg1 71. Kf3 h1=Q+ 72. Kg3 1-0


[Site "https://www.chess.com"]

[Event "Titled Tuesday Blitz April 25 Early 2023"]
[White "feuervogel1000000"]
[Black "Bartel, Michal"]
[BlackFideId "1119257"]
[WhiteElo "2447"]
[BlackElo "2282"]
[Result "0-1"]
[Round "10"]
[TimeControl "180+2"]
[Date "2023.04.25"]
[WhiteClock "0:02:38"]
[BlackClock "0:02:48"]

1. e4 e5 2. Nf3 Nc6 3. Bb5 g6 4. c3 d6 5. d4 Bd7 6. O-O Bg7 7. Re1 Nge7 8. Bg5 h6 9. Be3 O-O 10. Nbd2 Nxd4 11. Nxd4 exd4 12. Bxd4 Bxb5 0-1


[Site "https://www.chess.com"]

[Event "Titled Tuesday Blitz April 25 Early 2023"]
[White "Mazurkiewicz, Michal"]
[Black "Asavasaetakul, Chawit"]
[WhiteFideId "1124943"]
[BlackFideId "6204856"]
[WhiteElo "2054"]
[BlackElo "1919"]
[Result "0-1"]
[Round "10"]
[TimeControl "180+2"]
[Date "2023.04.25"]
[WhiteClock "0:00:01"]
[BlackClock "0:01:29"]

1. e4 d5 2. exd5 Nf6 3. Nf3 Nxd5 4. d4 Bf5 5. Be2 e6 6. O-O Be7 7. c4 Nb4 8. Na3 O-O 9. Bd2 N8c6 10. Bc3 Bf6 11. Qd2 a5 12. Rfd1 Re8 13. Bf1 Bg4 14. Qf4 Bxf3 15. Qxf3 Nxd4 16. Qxb7 c5 17. Nb5 Rb8 18. Qe4 Nbc6 19. Bd3 g6 20. h4 Bxh4 21. g3 Bf6 22. Kg2 Nxb5 23. cxb5 Nd4 24. a4 Qb6 25. Rh1 Bg7 26. Qh4 h5 27. g4 hxg4 28. Qxg4 Rbd8 29. Be4 e5 30. Rh2 f5 31. Qg5 fxe4 32. Rah1 Qf6 33. Qg3 Qf3+ 34. Qxf3 exf3+ 35. Kg3 e4 36. Kg4 e3 37. fxe3 Rxe3 38. Bd2 Re4+ 39. Kg3 Be5+ 40. Kf2 Re2+ 41. Kf1 Bxh2 42. Bc3 Nf5 43. b6 Ng3# 0-1


[Site "https://www.chess.com"]

[Event "Titled Tuesday Blitz April 25 Early 2023"]
[White "Mouhamad, Joachim"]
[Black "Martic, Ivan"]
[WhiteFideId "656410"]
[BlackFideId "929301"]
[WhiteElo "2125"]
[BlackElo "2360"]
[Result "1/2-1/2"]
[Round "10"]
[TimeControl "180+2"]
[Date "2023.04.25"]
[WhiteClock "0:00:05"]
[BlackClock "0:00:09"]

1. e4 c5 2. Nf3 e6 3. d4 cxd4 4. Nxd4 a6 5. Bd3 Nc6 6. Nxc6 dxc6 7. O-O e5 8. a4 Bd6 9. a5 Nf6 10. Nd2 Qe7 11. Nc4 Bc5 12. Be3 O-O 13. Qe2 Bg4 14. f3 Bh5 15. Qf2 Nd7 16. Rfd1 f6 17. Rd2 Rad8 18. Rad1 Bf7 19. Bf1 Bxe3 20. Qxe3 Be6 21. Nd6 Nb8 22. Qb6 Rd7 23. Nc4 Rfd8 24. Rxd7 Rxd7 25. Rxd7 Qxd7 26. Bd3 Kf8 27. Qc5+ Qe7 28. Qa7 Qc7 29. Kf2 Bxc4 30. Bxc4 Nd7 31. Bxa6 Qxa5 32. Qa8+ Ke7 33. Qxb7 Qd2+ 34. Be2 Qxc2 35. Qb4+ Qc5+ 36. Qxc5+ Nxc5 37. Ke3 Kd6 38. Kd2 Ne6 39. b4 Kc7 40. Kc3 Kb6 41. Kc4 Nd4 42. Bd1 g5 43. g3 h6 44. f4 gxf4 45. gxf4 Ne6 46. fxe5 fxe5 47. Bg4 Nd4 48. h3 Nb5 49. Be2 Nd6+ 50. Kd3 c5 51. bxc5+ Kxc5 52. Ke3 Kb4 53. Kf3 Kc3 54. Ba6 Kd4 55. Kg4 Nxe4 56. Kh5 Nc5 57. Bf1 e4 58. Kxh6 Ke3 59. Kg5 Kf2 60. Bc4 e3 61. h4 Ne4+ 62. Kg6 Nd2 63. Bb5 Nf3 64. h5 Nd4 65. Ba6 Ne6 66. h6 e2 67. Bxe2 Kxe2 68. Kf6 Nf8 69. Kg7 Ne6+ 70. Kf6 Nf8 71. Kf7 Nh7 72. Kg7 Ng5 73. Kg6 Ne6 74. Kf6 1/2-1/2


[Site "https://www.chess.com"]